 Dungeon Crawl Stone Soup version 0.20.1-1-g8b1a95d (webtiles) character file.

225 Monsterracer the Insei (level 6, -3/43 HPs)
             Began as a Barachi Transmuter on Aug 23, 2017.
             Slain by an orc priest
             ... wielding a +0 short sword
              (4 damage)
             ... on level 3 of the Dungeon.
             The game lasted 00:06:14 (3412 turns).

Monsterracer the Insei (Barachi Transmuter)         Turns: 3412, Time: 00:06:15

Health: -3/43      AC:  2    Str: 11    XL:     6   Next: 1%
Magic:  9/9        EV: 12    Int: 14    God:
Gold:   125        SH:  0    Dex: 14    Spells: 3/9 levels left

rFire    . . .     SeeInvis .     - Unarmed
rCold    + . .     Gourm    .   (no shield)
rNeg     . . .     Faith    .   b - +0 robe
rPois    .         Spirit   .   (no helmet)
rElec    .         Reflect  .   (no cloak)
rCorr    .         Harm     .   (no gloves)
MR       .....                  (no boots)
Stlth    +.........             (no amulet)
Regen    0.2/turn               (no ring)
MPRegen  0.2/turn               (no ring)

@: very slightly contaminated, invisible, slow
A: +LOS, swims, agile 1, cold resistance 1, dopey 1, slowness 1, strong legs 1
a: Hop


You were on level 3 of the Dungeon.
You were hungry.

You visited 1 branch of the dungeon, and saw 3 of its levels.

You collected 125 gold pieces.

Inventory:

Missiles
 a - 9 arrows
Armour
 b - a +0 robe (worn)
Scrolls
 e - 3 scrolls of teleportation
 i - 4 scrolls of remove curse
 k - a scroll of noise {unknown}
 m - 2 scrolls of immolation {unknown}
 n - 3 scrolls of blinking
 r - a scroll of magic mapping
Potions
 f - 4 potions of agility
 h - a potion of lignification {unknown}
 j - a potion of heal wounds
 p - a potion of mutation
Books
 c - a book of Changes

   Spells                             Type                      Level
   a - Beastly Appendage              Transmutation                1
   b - Sticks to Snakes               Transmutation                2
   c - Spider Form                    Transmutation/Poison         3
   d - Ice Form                       Ice/Transmutation            4
   e - Blade Hands                    Transmutation                5
Comestibles
 d - 2 bread rations
 g - a royal jelly
 l - 2 meat rations


   Skills:
 + Level 1.2 Fighting
 - Level 2.1 Dodging
 * Level 5.3 Unarmed Combat
 - Level 2.1 Spellcasting
 + Level 5.0 Transmutations


You had 3 spell levels left.
You knew the following spells:

 Your Spells              Type           Power        Failure   Level  Hunger
a - Beastly Appendage     Tmut           ###...       3%          1    #......
b - Sticks to Snakes      Tmut           ###.....     4%          2    ###....
c - Spider Form           Tmut/Pois      #.........   24%         3    ###....


Dungeon Overview and Level Annotations

Branches:
Dungeon (3/15)

Altars:

Annotations:
D:2 Terence


Innate Abilities, Weirdness & Mutations

Shadows flee at your approach. (+LOS)
You can swim through water.
You cover ground slowly.
You can hop short distances.
You are agile. (Dex +2)
Your flesh is cold resistant. (rC+)
You are dopey. (Int -2)


Message History

Unknown command.
It was a potion of mutation.
You feel extremely strange.
You feel stupid.
You feel resistant to cold.
You feel agile.
The orc priest hits you with a short sword.
* * * LOW HITPOINT WARNING * * *
It was a potion of invisibility.
You fade into invisibility!
The orc priest hits you with a short sword.
* * * LOW HITPOINT WARNING * * *
Huge Dmg: -12%(-5hp) hp: 33%(14hp)
The orc priest calls down the wrath of Beogh upon you.
Beogh smites you!
* * * LOW HITPOINT WARNING * * *
Huge Dmg: -30%(-13hp) hp: 3%(1hp)
You hit the orc priest.
The orc priest is lightly wounded.
The orc priest looks encouraged for a moment.
It was a potion of magic.
Magic courses through your body.
The orc priest hits you with a short sword.
You die...

.. #.# #. #.#
#.## #.# #..#
#.# #.###.#
#).##.#
#########)##.#
..........##.#
########.o@#.#
#.#.#.#
#.#.#.#
#.#...#
#.##..#
#.##..#
#.##..#
#.##..# #.
#..#


You could see an orc priest.

Vanquished Creatures
  A bullfrog (D:3)
  Natasha (thrice) (D:2)
  3 adders
  A worm (D:2)
  A dart slug (D:1)
  A leopard gecko (D:1)
  3 orcs (D:3)
  3 giant cockroaches (D:2)
  7 goblins
  5 hobgoblins
  6 jackals (D:2)
  A ball python (D:2)
  10 bats
  8 frilled lizards
  4 kobolds
  3 rats
60 creatures vanquished.

Vanquished Creatures (collateral kills)
  A goblin (D:2)
1 creature vanquished.

Vanquished Creatures (others)
  4 toadstools (D:1)
4 creatures vanquished.

Grand Total: 65 creatures vanquished

Notes
Turn   | Place    | Note
-------+----------+-------------------------------------------
     0 | D:1      | Monsterracer the Barachi Transmuter began the quest for the Orb.
     0 | D:1      | Reached XP level 1. HP: 15/15 MP: 3/3
   202 | D:1      | Reached XP level 2. HP: 19/21 MP: 5/5
   208 | D:1      | Learned a level 2 spell: Sticks to Snakes
   856 | D:2      | Reached XP level 3. HP: 25/26 MP: 4/6
   874 | D:2      | Learned a level 3 spell: Spider Form
   999 | D:2      | Noticed Natasha
  1004 | D:2      | Killed Natasha
  1127 | D:2      | Reached XP level 4. HP: 24/32 MP: 5/7
  1265 | D:2      | HP: 16/32 [poisoned by an adder]
  1273 | D:2      | HP: 15/32 [poisoned by an adder]
  1947 | D:2      | Noticed Terence
  1969 | D:2      | Noticed Natasha
  1973 | D:2      | HP: 15/32 [white imp/puff of frost[Natasha] (6)]
  1977 | D:2      | Killed Natasha
  2088 | D:2      | Noticed Natasha
  2095 | D:2      | HP: 13/32 [Natasha (6)]
  2096 | D:2      | Killed Natasha
  2096 | D:2      | Reached XP level 5. HP: 15/37 MP: 4/8
  2481 | D:3      | Reached skill level 5 in Unarmed Combat
  2519 | D:3      | HP: 18/37 [poisoned by an adder]
  2520 | D:3      | HP: 8/37 [goblin/dagger of flaming (3)]
  2525 | D:2      | HP: 5/37 [adder (2)]
  2528 | D:2      | HP: 2/37 [goblin/dagger of flaming (2)]
  2910 | D:3      | Reached skill level 5 in Transmutations
  3144 | D:3      | HP: 18/37 [poisoned by an adder]
  3150 | D:3      | HP: 8/37 [poisoned by an adder]
  3156 | D:3      | HP: 6/37 [poisoned by an adder]
  3162 | D:3      | HP: 4/37 [poisoned by an adder]
  3169 | D:3      | HP: 3/37 [poisoned by an adder]
  3262 | D:3      | HP: 12/37 [bat (1)]
  3269 | D:3      | HP: 10/37 [bat (1)]
  3396 | D:3      | Reached XP level 6. HP: 26/43 MP: 2/9
  3404 | D:3      | HP: 21/43 [orc priest/short sword (2)]
  3406 | D:3      | Gained mutation: You are dopey. (Int -2) [potion of mutation]
  3406 | D:3      | Gained mutation: Your flesh is cold resistant. (rC+) [potion of mutation]
  3406 | D:3      | Gained mutation: You are agile. (Dex +2) [potion of mutation]
  3410 | D:3      | HP: 1/43 [orc priest/divine providence (13)]
  3412 | D:3      | Slain by an orc priest

Skill      XL: |  1  2  3  4  5 |
---------------+----------------+-----
Transmutations | 3 4 5 |  5.0
Unarmed Combat | 4 5 |  5.3
Fighting       | |  1.2
Dodging        | |  2.1
Spellcasting   | |  2.1

Action                   |  1- 3 |  4- 6 || total
-------------------------+-------+-------++-------
Melee: Unarmed           |    98 |   130 ||   228
       Headbutt          |     4 |       ||     4
       Kick              |     1 |     1 ||     2
       Punch             |     1 |     1 ||     2
 Cast: Beastly Appendage |     5 |       ||     5
       Spider Form       |     1 |     5 ||     6
       Sticks to Snakes  |       |     2 ||     2
  Use: Scroll            |       |     8 ||     8
       Potion            |       |     5 ||     5
 Stab: Sleeping          |     1 |       ||     1
  Eat: Chunk             |     1 |     9 ||    10
Armor: Robe              |    32 |    22 ||    54
Dodge: Dodged            |    65 |    96 ||   161
